 Dungeon Sprint DCSS version 0.19-a0-139-gefc6d61 (webtiles) character file.

285 Kidiri the Covert (level 6, -15/32 HPs)
             Began as a Spriggan Enchanter on May 17, 2016.
             Was an Initiate of Dithmenos.
             Demolished by a spatial vortex (18 damage)
             ... in the Dungeon (Sprint III: "The Ten Rune Challenge").
             The game lasted 00:07:14 (718 turns).

Kidiri the Covert (Spriggan Enchanter)               Turns: 718, Time: 00:07:16

Health: -15/32     AC:  3    Str:  4    XL:     6   Next: 7%
Magic:  2/16       EV: 24    Int: 18    God:    Dithmenos [......]
Gold:   20         SH:  0    Dex: 19    Spells: 5 memorised, 6 levels left

rFire  . . .     SeeInvis +     a - +1 dagger
rCold  . . .     Gourm    .     b - +1 robe
rNeg   . . .     Faith    .     (shield restricted)
rPois  +         Spirit   .     (helmet restricted)
rElec  .         Dismiss  .     (no cloak)
rCorr  .         Reflect  .     (gloves unavailable)
SustAt .         Harm     .     (boots unavailable)
MR     +....     NoTele   +     (no amulet)
Stlth  +++++.....               (no ring)
                                (no ring)

@: very slightly contaminated, very quick, somewhat resistant to hostile
enchantments, quite stealthy
A: unfitting armour, talons 1, thin skeletal structure 1, see invisible,
herbivore 3, speed 3, poison resistance, slow metabolism 2, wild magic 1
a: Renounce Religion


You were in the Dungeon.
You worshipped Dithmenos.
Dithmenos was noncommittal.
You were not hungry.

You visited 1 branch You collected 20 gold pieces.

Inventory:

Hand Weapons
 a - a +1 dagger (weapon)
Armour
 b - a +1 robe (worn)
Scrolls
 j - a scroll of blinking
 n - a scroll of remove curse {unknown}
 q - a scroll of holy word
 r - a scroll of enchant armour {unknown}
 s - a scroll of random uselessness {unknown}
Potions
 e - 2 potions of curing
 f - 2 potions of heal wounds
 g - a potion of haste
 h - 2 potions of magic
 o - 3 potions of cure mutation
 p - 2 potions of flight
Books
 c - a book of Maledictions

   Spells                             Type                      Level
   a - Corona                         Hexes                        1
   b - Ensorcelled Hibernation        Hexes/Ice                    2
   c - Confuse                        Hexes                        3
   d - Tukima's Dance                 Hexes                        3
   e - Dazzling Spray                 Conjuration/Hexes            3
Comestibles
 d - 3 bread rations
 i - a royal jelly


   Skills:
 + Level 2.5 Fighting
 * Level 5.5 Short Blades
 + Level 2.4 Armour
 * Level 7.9 Dodging
 * Level 9.2 Stealth
 * Level 6.5 Spellcasting
 + Level 2.0 Conjurations
 + Level 5.6 Hexes
 + Level 2.2 Ice Magic
 + Level 0.0 Invocations


You had 6 spell levels left.
You knew the following spells:

 Your Spells              Type           Power        Failure   Level  Hunger
a - Corona                Hex            ####...      2%          1    None
b - Ensorcelled Hibernat  Hex/Ice        ####..       6%          2    None
c - Confuse               Hex            ####....     6%          3    ##.....
d - Tukima's Dance        Hex            ####....     6%          3    ##.....
e - Dazzling Spray        Conj/Hex       ####..       14%         3    ##.....


Dungeon Overview and Level Annotations

Branches:
Dungeon (1/1)

Altars:
Dithmenos
Gozag
Makhleb
Nemelex Xobeh
Pakellas
Qazlal
Ru
Xom
Jiyva
Lugonu


Innate Abilities, Weirdness & Mutations

You are tiny and cannot use many weapons and most armour.
You have supernaturally acute eyesight.
You are a herbivore.
You cover ground extremely quickly.
You need consume almost no food.
You have sharp toenails.
You have a somewhat thin skeletal structure (Dex +2, Stealth).
Your system is resistant to poisons.
Your spells are a little harder to cast, but a little more powerful.


Message History

Confirm with . or Enter, or press ? or * to list all spells.
Aiming: Dazzling Spray
Press: ? - help, Shift-Dir - straight line, f/p - spatial vortex
Aim: a spatial vortex (moderately damaged)
You miscast Dazzling Spray.
You are very lightly contaminated with residual magic.
Your skin glows momentarily.
Casting: Dazzling Spray
Confirm with . or Enter, or press ? or * to list all spells.
Aiming: Dazzling Spray
Press: ? - help, Shift-Dir - straight line, f/p - spatial vortex
Aim: a spatial vortex (moderately damaged)
The spray of energy hits the spatial vortex.
The spatial vortex is heavily damaged.
The spatial vortex hits you!!
Ouch! That really hurt!
* * * LOW HITPOINT WARNING * * *
Space warps horribly around you!
Ouch! That really hurt!
You die...

....#..#..#
#..[#..#..###+#+###+##
##..##'#..#..........#
##..###...'.⌠........#
#..####...#...######'#
#..###....#.⌠.#__#...#
...##.....#...#__#...#
...#......#+###_v#...#
.##.#.....# #_@#...+
.#####....# #__'...#
▓▓ ▓▓▓▓▓▓ ▓▓▓▓▓▓▓▓


You could see a spatial vortex.

Vanquished Creatures
  A shadow (D)
  A water elemental (D)
  A jelly (D)
  Jessica (D)
  A human (D)
  An ooze (D)
  A phantom (D)
  A rat (D)
8 creatures vanquished.

Vanquished Creatures (others)
  2 draconian scorchers (D)
  6 hellions (D)
  A yaktaur (D)
9 creatures vanquished.

Grand Total: 17 creatures vanquished

Notes
Turn   | Place    | Note
--------------------------------------------------------------
     0 | D        | Kidiri the Spriggan Enchanter began the quest for the Orb.
     0 | D        | Reached XP level 1. HP: 9/9 MP: 5/5
     9 | D        | Reached skill level 5 in Stealth
    30 | D        | Noticed Jessica
    34 | D        | Killed Jessica
    34 | D        | Reached skill level 1 in Fighting
    34 | D        | Reached skill level 1 in Armour
    34 | D        | Reached skill level 6 in Stealth
    34 | D        | Reached XP level 2. HP: 14/14 MP: 6/8
    34 | D        | Reached XP level 3. HP: 18/18 MP: 6/9
    38 | D        | Learned a level 2 spell: Ensorcelled Hibernation
    42 | D        | Learned a level 3 spell: Confuse
    46 | D        | Learned a level 3 spell: Dazzling Spray
    83 | D        | Killed a hellion
    85 | D        | Killed a yaktaur
   132 | D        | Killed a hellion
   133 | D        | Killed a hellion
   142 | D        | Killed a hellion
   150 | D        | Killed a hellion
   151 | D        | Killed a hellion
   228 | D        | Killed a white draconian scorcher
   230 | D        | Killed a white draconian scorcher
   298 | D        | Reached skill level 5 in Dodging
   315 | D        | Gained mutation: Your system is resistant to poisons. [potion of mutation]
   315 | D        | Gained mutation: You have a somewhat thin skeletal structure (Dex +2, Stealth). [potion of mutation]
   316 | D        | Gained mutation: Your spells are a little harder to cast, but a little more powerful. [potion of mutation]
   316 | D        | Gained mutation: You have sharp toenails. [potion of mutation]
   454 | D        | Noticed a water elemental
   457 | D        | Killed a water elemental
   457 | D        | Reached skill level 7 in Stealth
   457 | D        | Reached skill level 5 in Spellcasting
   457 | D        | Reached skill level 1 in Conjurations
   457 | D        | Reached skill level 1 in Ice Magic
   457 | D        | Reached XP level 4. HP: 23/23 MP: 10/12
   477 | D        | Noticed a shadow
   511 | D        | Killed a shadow
   511 | D        | Reached skill level 5 in Short Blades
   511 | D        | Reached skill level 9 in Stealth
   511 | D        | Reached skill level 5 in Hexes
   511 | D        | Reached XP level 5. HP: 16/27 MP: 1/14
   519 | D        | Learned a level 3 spell: Tukima's Dance
   699 | D        | Reached XP level 6. HP: 32/32 MP: 12/16
   706 | D        | Found an oddly glowing altar of Pakellas.
   706 | D        | Found a stormy altar of Qazlal.
   707 | D        | Found a sacrificial altar of Ru.
   707 | D        | Found a burning altar of Makhleb.
   707 | D        | Found a viscous altar of Jiyva.
   707 | D        | Found a shimmering altar of Xom.
   707 | D        | Found a shadowy altar of Dithmenos.
   707 | D        | Found a sparkling altar of Nemelex Xobeh.
   707 | D        | Found a corrupted altar of Lugonu.
   707 | D        | Found an opulent altar of Gozag.
   707 | D        | Noticed a spatial vortex
   712 | D        | Became a worshipper of Dithmenos the Shadowed
   718 | D        | Demolished by a spatial vortex

Vault maps used:
D:        dungeon_sprint_mu

Skill      XL: |  1  2  3  4  5 |
---------------+----------------+-----
Stealth        | 6 7 9 |  9.2
Spellcasting   | 4 5 6 |  6.5
Fighting       | 1 2 |  2.5
Short Blades   | 2 4 5 |  5.5
Armour         | 1 2 |  2.4
Dodging        | 4 6 7 |  7.9
Hexes          | 4 5 |  5.6
Conjurations   | 1 2 |  2.0
Ice Magic      | 1 2 |  2.2

Action                   |  1- 3 |  4- 6 || total
-------------------------+-------+-------++-------
Melee: Dagger            |    60 |     6 ||    66
       Kick              |       |     3 ||     3
 Cast: Corona            |     8 |     1 ||     9
       Ensorcelled Hiber |     1 |     1 ||     2
       Dazzling Spray    |       |     6 ||     6
  Use: Scroll            |     3 |       ||     3
       Potion            |     2 |     1 ||     3
 Stab: Sleeping          |     4 |     1 ||     5
Armor: Robe              |     2 |       ||     2
Dodge: Dodged            |    42 |     3 ||    45
